 Dungeon Crawl Stone Soup version 0.30.0-13-g156ef70053 (webtiles) character file.

Game seed: 12363230536834449354

429 browni3141 the Trooper (level 6, -5/56 HPs)
             Began as a Minotaur Fighter on May 17, 2023.
             Blown up by Ijyb (18 damage)
             ... with a mindburst bolt
             ... on level 3 of the Dungeon.
             The game lasted 00:01:47 (2622 turns).

browni3141 the Trooper (Minotaur Fighter)           Turns: 2622, Time: 00:01:48

Health: -5/56      AC:  7    Str: 21    XL:     6   Next: 66%
Magic:  5/5        EV: 15    Int:  5    God:
Gold:   63         SH:  5    Dex: 11    Spells: 5/5 levels left

rFire   . . .        a - +0 war axe
rCold   . . .        c - +0 buckler
rNeg    . . .        b - +0 scale mail
rPois   .            (helmet restricted)
rElec   .            (no cloak)
rCorr   .            (no gloves)
SInv    .            (no boots)
Will    .....        (no amulet) Stlth
                     U - +5 ring of evasion
HPRegen 0.29/turn    (no ring)
MPRegen 0.09/turn

%: no passive effects
@: no status effects
A: horns 2, retaliatory headbutt
a: no special abilities


You were on level 3 of the Dungeon.
You visited 1 branch of the dungeon, and saw 4 of its levels.

You collected 153 gold pieces.
You spent 90 gold pieces at shops.

Inventory:

Hand Weapons
 a - a +0 war axe (weapon)
Armour
 b - a +0 scale mail (worn)
 c - a +0 buckler (worn)
Jewellery
 U - a +5 ring of evasion (left hand)
Scrolls
 Q - 2 scrolls of blinking
 R - 5 scrolls of identify {unknown}
 V - a scroll of fear {unknown}
 W - 2 scrolls of enchant armour {unknown}
 X - a scroll of teleportation {unknown}
Potions
 C - 4 potions of curing
 M - a potion of might
 N - 2 potions of mutation {unknown}
 O - a potion of heal wounds {unknown}
 S - 3 potions of ambrosia {unknown}
 T - a potion of attraction {unknown}
 Y - a potion of magic {unknown}
 Z - a potion of resistance {unknown}


   Skills:
 + Level 5.2 Fighting
 + Level 4.3 Axes
 + Level 5.2 Armour
 + Level 3.0 Dodging
 + Level 5.1 Shields


You had 5 spell levels left.
You didn't know any spells.
Your spell library contained the following spells:

 Spells                   Type           Power      Damage    Failure   Level
 Magic Dart               Conj           0%         1d3       86%         1
 Searing Ray              Conj           0%         2d4       94%         2
 Fulminant Prism          Conj/Hex       0%         3d5       100%        4


Dungeon Overview and Level Annotations

Branches:
Dungeon (4/15)
 Temple: D:4-7

Altars:
Fedhas
Xom

Shops:
D:2 ?([[

Annotations:
D:3 2 transporters, Ijyb


Innate Abilities, Weirdness & Mutations

You have a pair of horns on your head.
You reflexively headbutt those who attack you in melee.


Message History

You miss the frilled lizard. You block the frilled lizard's attack.
You slash the frilled lizard!
You kill the frilled lizard!
You now have 52 gold pieces (gained 7).
There is a stone staircase leading up here.
A ball python comes into view.
The ball python hisses angrily.
You block the ball python's attack. The ball python barely misses you.
A ball python is nearby!
A ball python is nearby!
A ball python is nearby!
A ball python is nearby!
You closely miss the ball python. The ball python closely misses you.
The ball python completely misses you.
You barely miss the ball python. Your headbutt misses the ball python.
The ball python closely misses you. You block the ball python's attack.
The ball python closely misses you. You furiously retaliate!
You headbutt the ball python, but do no damage.
The ball python misses you.
You barely miss the ball python. Your headbutt misses the ball python.
The ball python misses you. You furiously retaliate!
You headbutt the ball python!
You kill the ball python!
A ball python comes into view.
The ball python hisses angrily.
The ball python attacks as you move away!
The ball python bites you but does no damage.
You block the ball python's attack.
A ball python is nearby!
A ball python is nearby!
A ball python is nearby!
You hit the ball python.
The ball python is moderately wounded.
The ball python completely misses you. The ball python closely misses you.
The ball python completely misses you. You furiously retaliate!
You headbutt the ball python.
You kill the ball python!
No target in view!
You see here a ball python corpse.
A worm comes into view.
A worm is nearby!
A worm is nearby!
A worm is nearby!
The worm bites you.
You barely miss the worm. You block the worm's attack.
You slash the worm!
The worm is severely wounded.
The worm bites you!
You hit the worm but do no damage. You headbutt the worm!
You kill the worm!
No target in view!
You see here a worm corpse.
No target in view!
No target in view!
HP restored.
You see here a worm corpse.
You now have 61 gold pieces (gained 9).
An orc comes into view. It is wielding a +0 club.
The orc shouts!
An orc is nearby!
An orc is nearby!
An orc is nearby!
An orc is nearby!
The orc barely misses you.
You hit the orc.
The orc is almost dead.
The orc barely misses you.
You barely miss the orc.
The orc is almost dead.
The orc barely misses you. The orc misses you.
You closely miss the orc. You headbutt the orc.
You kill the orc!
No target in view!
You see here a +0 club.
Z - a glowing sapphire potion
M - a potion of might You now have 63 gold pieces (gained 2).
R - 5 scrolls labelled LUHOLE VIAR (gained 1) Ijyb the Twisted Goblin comes into view.
She is wielding a +0 club and carrying a wand of mindburst (18).
Ijyb shouts!
Ijyb zaps a wand.
Your mind is blasted!
Ijyb is nearby!
Ijyb zaps a wand.
Your mind is blasted!
Ijyb zaps a wand.
Your mind is blasted!
You hit Ijyb.
Ijyb is lightly wounded.
Ijyb barely misses you. You furiously retaliate!
You headbutt Ijyb. You hit Ijyb.
Ijyb is heavily wounded.
Ijyb zaps a wand.
Your mind is blasted!
Ijyb hits you but does no damage.
You closely miss Ijyb.
Ijyb is heavily wounded.
Ijyb hits you with a +0 club.
You closely miss Ijyb. Your headbutt misses Ijyb.
Ijyb is heavily wounded.
Ijyb misses you.
You slash Ijyb!
Ijyb is almost dead.
Ijyb zaps a wand.
Your mind is blasted!
You die...

#P.).P#..†..÷.
.##.#.
#8.©.8#.#.####
.....##
#######.#.# .....#
...©....#.# .....
.....####.# ...#
###.. #.# ..# #...
#.# # #g# #.#.#
#.# #.##@####...
#....$......
####.#####.. #.#
#.# #
#.#####^####### #
#.............# #
#..####.#####.# #
#.............####
##.####.##........


You could see Ijyb.

Vanquished Creatures
  Sigmund (D:2)
  A black bear (D:4)
  An orc priest (D:4)
  Jessica (D:3)
  An iguana (D:4)
  3 adders
  2 worms
  A dart slug (D:1)
  11 orcs
  6 bats
  2 endoplasms
  2 giant cockroaches
  A goblin (D:1)
  4 hobgoblins
  8 jackals
  4 kobolds
  4 quokkas (D:2)
  4 ball pythons
  4 frilled lizards
  3 rats
64 creatures vanquished.

Notes
Turn   | Place    | Note
-------+----------+-------------------------------------------
     0 | D:1      | browni3141 the Minotaur Fighter began the quest for the
                  | Orb.
     0 | D:1      | Reached XP level 1. HP: 19/19 MP: 0/0
   306 | D:1      | Reached XP level 2. HP: 27/27 MP: 1/1
   946 | D:2      | Reached XP level 3. HP: 33/33 MP: 2/2
  1045 | D:2      | Reached skill level 3 in Axes
  1079 | D:2      | Found Ucorut's Antique Armour Boutique.
  1162 | D:2      | Found Qosag's Antique Armour Shoppe.
  1230 | D:2      | Found Ugiduzia's Weapon Boutique.
  1349 | D:2      | Noticed Sigmund
  1367 | D:2      | HP: 1/33 [something (10)]
  1384 | D:2      | Killed Sigmund
  1385 | D:2      | Reached XP level 4. HP: 3/41 MP: 3/3
  1385 | D:2      | Reached XP level 5. HP: 3/47 MP: 4/4
  1568 | D:2      | Found a faded altar of an unknown god.
  1568 | D:2      | You fall into a shaft and drop 2 floors!
  1568 | D:4      | Found a shimmering altar of Xom.
  1568 | D:4      | Found a shimmering altar of Xom.
  1568 | D:4      | Found a shimmering altar of Xom.
  1568 | D:4      | Found a shimmering altar of Xom.
  1667 | D:4      | Found a blossoming altar of Fedhas.
  1676 | D:4      | Noticed a black bear
  1680 | D:4      | Reached XP level 6. HP: 41/55 MP: 5/5
  1773 | D:3      | Found a transporter.
  1827 | D:3      | Found a transporter.
  1889 | D:3      | Reached skill level 3 in Dodging
  1948 | D:3      | Noticed Jessica
  1952 | D:3      | Killed Jessica
  2229 | D:2      | Found Mocsuih's Magic Scroll Shoppe.
  2238 | D:2      | Bought a scroll of blinking for 90 gold pieces
  2613 | D:3      | Noticed Ijyb
  2622 | D:3      | Blown up by Ijyb

Illustrated notes

Levels and vault maps discovered:
D:1:      saegor_arrival_under_anarchy, layout_basic
D:2:      layout_basic, dreamdust_ecumenical_altar_grove, serial_shops, shop,
          nicolae_shop_peninsula, shop, shop, uniq_sigmund
D:3:      gammafunk_steamed_eel, layout_loops_ring, uniq_ijyb, uniq_jessica
D:4:      layout_loops_ring, zin_statuary, xom_redecorated,
          lemuel_crystal_altar, eino_small_chamber_without_monster,
          minmay_misc_feat_tiny, minivault_26, minivault_5

Skill      XL: |  1  2  3  4  5  6 |
---------------+-------------------+-----
Fighting       | 4 5 |  5.2
Armour         | 4 5 |  5.2
Dodging        | 1 2 3 |  3.0
Shields        | 4 5 |  5.1
Axes           | 3 4 |  4.3

Action                     |  1- 3 |  4- 6 || total
---------------------------+-------+-------++-------
  Melee: War axe           |    86 |    54 ||   140
         Headbutt          |     7 |     7 ||    14
    Use: Potion            |     3 |       ||     3
 Armour: Scale mail        |    32 |    13 ||    45
  Dodge: Dodged            |    52 |    54 ||   106
  Block: Buckler           |    20 |    18 ||    38
